Map: [ESL] Crimson Court

Players

HeroMarine - Winner!

  • Race: Terran Terran
  • Spawn Location: 1:00

ForJumy

  • Race: Protoss Protoss
  • Spawn Location: 7:00

Event: ESL SC2 Masters 2024 Spring (Regional)

VOD

Have the link to the VOD?

Description

Time

  • Played on: April 10, 2024, 1:13 p.m.
  • Length: 9:36

All games in this series

Show
View Real Time Build Order
Export as new Build Order

HeroMarine Terran - Winner!

Build Orders:  

Get SALT Encoding   

  12  0:00  SCV  
  13  0:12  SCV  
  14  0:17  Supply Depot  
  14  0:24  SCV  
  15  0:38  SCV  
  15  0:40  Barracks  
  16  0:43  Refinery  
  16  0:50  SCV  
  16  0:52  Refinery  
  17  1:02  SCV  
  18  1:14  SCV  
  19  1:27  Reaper, Orbital Command  
  20  1:39  Factory  
  20  1:50  Supply Depot  
  20  1:52  SCV  
  21  1:59  Barracks Reactor  
  21  2:05  SCV  
  22  2:17  Command Center  
  22  2:19  SCV  
  23  2:24  Hellion  
  25  2:33  SCV, Supply Depot  
  25  2:36  Marine  
  27  2:37  Marine  
  28  2:46  SCV  
  29  2:51  Starport  
  29  2:54  Marine  
  29  2:58  SCV  
  31  3:03  Marine  
  31  3:04  Widow Mine  
  34  3:10  SCV  
  34  3:12  Marine  
  35  3:22  SCV  
  39  3:27  Widow Mine  
  38  3:35  SCV  
  39  3:44  Medivac  
  39  3:47  Orbital Command  
  39  3:48  SCV  
  40  3:49  Factory Tech Lab  
  40  3:52  Bunker  
  40  3:54  Marine x2  
  42  4:00  SCV  
  43  4:09  Siege Tank, Supply Depot  
  46  4:12  SCV, Marine x2  
  46  4:13  SCV  
  46  4:15  Starport Tech Lab  
  50  4:24  SCV  
  50  4:25  SCV  
  50  4:29  Marine  
  50  4:30  Barracks, Marine  
  54  4:33  Raven  
  54  4:36  SCV, Supply Depot  
  54  4:37  SCV  
  58  4:41  Siege Tank  
  61  4:48  SCV  
  62  4:58  SCV, Marine x2  
  65  5:00  SCV  
  65  5:06  Barracks  
  66  5:07  Engineering Bay  
  66  5:08  Supply Depot  
  66  5:10  SCV  
  66  5:12  SCV  
  68  5:16  Marine x2  
  68  5:20  Supply Depot  
  70  5:25  Refinery  
  70  5:29  SCV x2, Siege Tank  
  70  5:32  Marine  
  70  5:33  Stimpack  
  70  5:34  Supply Depot, Viking  
  78  5:38  Terran Infantry Weapons Level 1  
  78  5:39  Refinery  
  78  5:42  SCV, Marine x2  
  81  5:44  SCV  
  81  5:45  Supply Depot  
  82  5:51  Marine  
  82  5:54  SCV  
  82  5:57  SCV  
  81  6:00  Marine x2  
  81  6:03  Barracks  
  83  6:04  Barracks  
  83  6:06  Marine  
  83  6:09  Factory Tech Lab  
  83  6:11  Marine  
  87  6:13  Combat Shield  
  87  6:14  Starport Reactor  
  87  6:17  Marine x2  
  87  6:20  Supply Depot  
  88  6:25  Supply Depot x2  
  88  6:29  Siege Tank  
  92  6:34  Marauder  
  92  6:35  Marauder  
  92  6:37  Supply Depot, Marine x2  
  98  6:50  Medivac x2  
  98  6:52  Barracks Tech Lab, Barracks Reactor  
  102  6:55  Marine x4  
  102  6:56  Marauder x2  
  111  7:01  Siege Tank  
  111  7:13  Marine x4  
  115  7:17  Marine x2  
  117  7:23  Supply Depot  
  117  7:28  Medivac x2  
  121  7:31  Marine x4  
  121  7:33  Siege Tank  
  121  7:34  Marine  
  121  7:35  Marine  
  130  7:43  Supply Depot, Missile Turret  
  130  7:45  Supply Depot, Missile Turret  
  130  7:48  Marine  
  130  7:49  Marine x3  
  134  7:52  Marine x2  
  134  7:57  Ghost Academy  
  134  7:58  Medivac  
  138  8:01  Medivac  
  140  8:06  Marine x3  
  140  8:07  Marine  
  140  8:10  Marine x2  
  146  8:15  Siege Tank  
  148  8:24  Marine x3  
  151  8:28  Marine x2  
  151  8:29  Marine  
  151  8:33  SCV x2  
  142  8:42  Marine x3  
  142  8:45  SCV x2, Marine  
  142  8:46  Marine  
  142  8:47  Siege Tank  
  151  8:52  Marine  
  152  8:57  SCV x2  
  152  9:00  Marine x3  
  157  9:03  Marine  
  128  9:10  Marine  
  128  9:11  Marine  
  126  9:17  Marine  
  126  9:18  Marine  
Show
View Real Time Build Order
Export as new Build Order

ForJumy Protoss 

Build Orders: 1 Gate Expand 

Get SALT Encoding   

  12  0:00  Probe  
  13  0:12  Probe  
  14  0:20  Pylon  
  14  0:24  Probe  
  15  0:38  Probe (Chrono Boost), Gateway  
  16  0:47  Probe (Chrono Boost)  
  16  0:48  Assimilator  
  17  0:52  Probe (Chrono Boost)  
  18  1:04  Probe  
  19  1:16  Probe  
  20  1:25  Cybernetics Core  
  20  1:35  Nexus  
  20  1:41  Pylon  
  20  1:43  Probe  
  21  1:48  Assimilator  
  21  1:55  Probe  
  21  1:58  Adept (Chrono Boost)  
  22  2:02  Warp Gate  
  22  2:07  Probe  
  25  2:17  Shield Battery  
  25  2:19  Probe  
  26  2:23  Adept  
  28  2:31  Probe  
  29  2:44  Probe (Chrono Boost)  
  29  2:52  Probe (Chrono Boost)  
  29  2:56  Probe (Chrono Boost)  
  30  3:02  Probe (Chrono Boost)  
  30  3:04  Probe (Chrono Boost)  
  32  3:06  Robotics Facility  
  32  3:09  Probe (Chrono Boost)  
  32  3:12  Probe (Chrono Boost)  
  34  3:14  Probe (Chrono Boost)  
  33  3:26  Probe (Chrono Boost), Gateway  
  35  3:28  Probe (Chrono Boost)  
  35  3:32  Probe (Chrono Boost)  
  36  3:34  Forge  
  36  3:35  Probe (Chrono Boost)  
  36  3:40  Probe  
  38  3:46  Probe  
  39  3:50  Sentry, Observer (Chrono Boost)  
  39  3:52  Probe  
  39  3:53  Pylon  
  43  4:02  Probe  
  44  4:04  Pylon  
  44  4:06  Protoss Ground Weapons Level 1  
  44  4:10  Immortal (Chrono Boost)  
  44  4:13  Twilight Council  
  44  4:14  Adept  
  50  4:19  Pylon  
  50  4:21  Stalker  
  50  4:22  Observer  
  50  4:24  Assimilator  
  52  4:25  Probe  
  52  4:27  Probe  
  54  4:35  Gateway  
  54  4:36  Gateway  
  54  4:48  Immortal (Chrono Boost)  
  58  4:55  Probe  
  57  5:01  Resonating Glaives (Chrono Boost)  
  57  5:02  Stalker  
  58  5:07  Probe x2  
  60  5:19  Gateway  
  60  5:20  Gateway  
  60  5:24  Immortal (Chrono Boost)  
  64  5:31  Gateway  
  64  5:37  Gateway  
  64  5:40  Pylon  
  64  5:46  Adept x2  
  67  5:51  Adept  
  68  6:00  Warp Prism (Chrono Boost)  
  70  6:08  Pylon  
  70  6:11  Adept  
  70  6:13  Adept  
  70  6:17  Adept  
  76  6:20  Pylon  
  76  6:26  Adept x2  
  76  6:31  Adept  
  82  6:35  Pylon  
  82  6:43  Observer  
  83  6:53  Pylon  
  81  7:10  Adept x8  
  95  7:21  Pylon  
  94  7:31  Probe (Chrono Boost)  
  94  7:32  Templar Archives, Probe (Chrono Boost)  
  96  7:43  Probe (Chrono Boost)  
  96  7:44  Probe (Chrono Boost)  
  98  7:48  Psionic Storm, Stalker x2, Probe (Chrono Boost)  
  98  7:49  Probe (Chrono Boost)  
  104  7:53  Assimilator  
  104  8:06  Pylon  
  104  8:19  High Templar  
  106  8:25  Shield Battery  
  102  8:41  Adept  
  102  8:42  Adept x6  
  114  8:52  High Templar  
  114  8:54  Pylon  
  116  9:08  Adept x6  
  82  9:15  Adept  
  54  9:28  Adept x5  
Tags
 
Add a new tag
Caveats
  • Supply blocks, unpowered buildings, or Contaminate may cause inaccurate times.
  • Supply counts are checked every 10 seconds.